Map: 2000 Atmospheres LE

Players

herO - Winner!

  • Race: Protoss Protoss

ShoWTimE

  • Race: Protoss Protoss

VOD

Have the link to the VOD?

Description

Time

  • Played on: Oct. 21, 2021, 7:54 a.m.
  • Length: 12:07
Show
View Real Time Build Order
Export as new Build Order

herO Protoss - Winner!

Build Orders: Phoenix Opening, Blink Stalkers 

Get SALT Encoding   

  12  0:00  Probe  
  13  0:12  Probe  
  14  0:17  Pylon  
  14  0:24  Probe (Chrono Boost)  
  15  0:36  Probe (Chrono Boost), Gateway  
  16  0:43  Probe (Chrono Boost)  
  16  0:45  Assimilator  
  17  0:51  Probe  
  17  0:54  Assimilator  
  18  1:03  Probe (Chrono Boost)  
  19  1:07  Gateway  
  19  1:12  Probe (Chrono Boost)  
  19  1:17  Probe (Chrono Boost)  
  20  1:24  Cybernetics Core  
  21  1:29  Probe  
  22  1:38  Pylon  
  22  1:41  Probe  
  23  1:56  Probe  
  23  2:00  Stalker  
  26  2:05  Warp Gate  
  26  2:08  Probe  
  29  2:12  Pylon  
  29  2:20  Probe  
  30  2:27  Pylon  
  30  2:30  Sentry  
  30  2:31  Adept  
  32  2:39  Twilight Council  
  32  2:55  Nexus  
  32  3:00  Probe  
  32  3:04  Stalker  
  35  3:13  Blink (Chrono Boost)  
  35  3:17  Probe  
  36  3:28  Pylon  
  36  3:29  Probe (Chrono Boost)  
  36  3:31  Sentry  
  39  3:38  Phoenix  
  39  3:44  Forge  
  39  3:48  Probe (Chrono Boost)  
  40  3:53  Probe (Chrono Boost)  
  41  3:57  Sentry  
  43  4:03  Probe (Chrono Boost)  
  43  4:06  Stalker  
  43  4:07  Probe (Chrono Boost)  
  47  4:14  Probe (Chrono Boost)  
  47  4:16  Probe (Chrono Boost)  
  49  4:18  Protoss Ground Weapons Level 1  
  49  4:19  Probe (Chrono Boost)  
  49  4:21  Probe (Chrono Boost)  
  51  4:25  Phoenix  
  51  4:28  Gateway  
  51  4:29  Probe  
  52  4:33  Probe  
  52  4:37  Robotics Facility  
  53  4:40  Assimilator  
  53  4:41  Probe  
  54  4:45  Probe  
  54  4:48  Stalker  
  54  4:52  Stalker  
  59  4:56  Probe  
  59  4:58  Probe, Pylon  
  61  5:04  Pylon  
  61  5:09  Charge, Gateway  
  61  5:16  Gateway  
  61  5:21  Gateway  
  61  5:26  Warp Prism (Chrono Boost)  
  63  5:45  Nexus  
  63  5:47  Pylon  
  63  5:50  Stalker x2  
  63  5:55  Observer, Stalker  
  70  6:02  Probe x2  
  72  6:26  Immortal (Chrono Boost)  
  72  6:30  Stalker x5  
  86  6:34  Pylon  
  84  6:42  Probe x2  
  84  6:46  Protoss Ground Weapons Level 2 (Chrono Boost)  
  86  6:57  Pylon, Gateway  
  86  7:00  Shield Battery  
  86  7:01  Zealot x4  
  94  7:11  Immortal (Chrono Boost)  
  94  7:15  Phoenix  
  98  7:19  Gateway  
  98  7:28  Templar Archives  
  98  7:29  Probe x2 (Chrono Boost)  
  101  7:34  Probe (Chrono Boost)  
  101  7:37  Assimilator  
  101  7:38  Assimilator  
  101  7:39  Probe x2 (Chrono Boost)  
  101  7:43  Probe (Chrono Boost)  
  104  7:44  Probe x2 (Chrono Boost)  
  104  7:45  Photon Cannon  
  104  7:47  Photon Cannon  
  106  7:52  Immortal  
  106  7:54  Probe  
  106  7:55  Probe  
  112  8:01  Pylon  
  112  8:02  Pylon  
  112  8:06  Probe x2  
  112  8:07  Probe  
  112  8:09  High Templar  
  112  8:11  Pylon  
  117  8:20  Zealot x4, High Templar  
  117  8:25  Probe  
  117  8:26  Probe  
  129  8:27  Archon, Zealot  
  129  8:31  Pylon  
  129  8:34  Observer  
  132  8:37  Pylon  
  132  8:54  Protoss Ground Weapons Level 3 (Chrono Boost)  
  132  9:02  Zealot x8  
  148  9:09  Zealot x7  
  134  9:16  Robotics Facility, Nexus  
  134  9:17  Robotics Bay  
  124  9:21  Shield Battery  
  124  9:23  Shield Battery  
  124  9:26  Photon Cannon  
  124  9:32  High Templar x4  
  132  9:39  Archon  
  132  9:40  Zealot  
  132  9:41  Zealot x3  
  140  9:46  Archon  
  139  10:00  Probe x3, Pylon  
  139  10:01  Disruptor (Chrono Boost)  
  139  10:03  Disruptor (Chrono Boost), Photon Cannon  
  145  10:11  Zealot x6  
  156  10:19  Stalker x2  
  160  10:25  Pylon  
  160  10:27  Disruptor (Chrono Boost)  
  160  10:28  Pylon, Disruptor (Chrono Boost)  
  166  10:38  Probe  
  166  10:39  Probe x3  
  169  10:54  Disruptor (Chrono Boost)  
  172  11:00  Stalker x4  
  172  11:01  Zealot x3  
  172  11:03  Pylon  
  189  11:05  Disruptor (Chrono Boost)  
  176  11:24  Disruptor (Chrono Boost)  
  164  11:30  Assimilator  
  164  11:32  Probe x3, Assimilator  
  173  11:34  Zealot x6  
  173  11:35  Zealot x2  
  181  11:59  Zealot x8  
Show
View Real Time Build Order
Export as new Build Order

ShoWTimE Protoss 

Build Orders: Phoenix Opening 

Get SALT Encoding   

  12  0:00  Probe  
  13  0:12  Probe  
  14  0:17  Pylon  
  14  0:24  Probe (Chrono Boost)  
  15  0:36  Probe (Chrono Boost), Gateway  
  16  0:44  Probe (Chrono Boost)  
  16  0:46  Assimilator  
  17  0:51  Probe  
  18  1:03  Probe (Chrono Boost)  
  19  1:04  Assimilator  
  19  1:10  Gateway  
  19  1:13  Probe (Chrono Boost)  
  20  1:18  Probe (Chrono Boost)  
  20  1:23  Cybernetics Core  
  21  1:29  Probe  
  22  1:36  Pylon  
  22  1:41  Probe  
  24  1:54  Probe  
  24  2:00  Sentry, Stalker  
  28  2:02  Warp Gate  
  28  2:06  Probe  
  29  2:12  Pylon  
  29  2:27  Stalker  
  31  2:30  Stalker  
  31  2:35  Phoenix  
  33  2:52  Nexus  
  33  2:56  Probe  
  34  3:02  Sentry  
  34  3:03  Sentry  
  38  3:10  Pylon  
  38  3:11  Probe  
  39  3:24  Robotics Facility  
  39  3:28  Probe (Chrono Boost)  
  40  3:37  Shield Battery  
  40  3:38  Phoenix  
  40  3:40  Probe (Chrono Boost)  
  41  3:45  Probe (Chrono Boost)  
  42  3:48  Shield Battery  
  42  3:55  Probe (Chrono Boost)  
  43  4:05  Probe (Chrono Boost)  
  43  4:09  Shield Battery  
  45  4:12  Observer (Chrono Boost)  
  45  4:13  Probe (Chrono Boost)  
  45  4:14  Probe (Chrono Boost)  
  47  4:18  Stalker  
  47  4:19  Probe x2 (Chrono Boost)  
  47  4:22  Forge  
  51  4:26  Immortal (Chrono Boost)  
  51  4:31  Probe x2  
  56  4:37  Phoenix  
  57  4:41  Twilight Council  
  57  4:43  Probe x2  
  57  4:44  Protoss Ground Weapons Level 1, Assimilator  
  59  4:54  Pylon  
  59  4:55  Probe x2  
  61  5:07  Probe  
  61  5:12  Gateway  
  66  5:14  Gateway, Immortal  
  66  5:15  Blink (Chrono Boost)  
  66  5:22  Probe  
  66  5:25  Probe  
  68  5:39  Pylon  
  68  5:43  Pylon  
  68  5:46  Pylon  
  68  5:47  Nexus  
  68  5:51  Probe x2  
  70  5:57  Stalker  
  70  5:58  Stalker  
  74  6:05  Gateway  
  74  6:06  Probe x2  
  74  6:08  Shield Battery  
  76  6:13  Gateway  
  76  6:18  Warp Prism  
  78  6:28  Stalker x2  
  78  6:31  Stalker  
  82  6:34  Stalker  
  82  6:37  Probe  
  82  6:38  Probe  
  84  6:49  Pylon  
  84  6:52  Protoss Ground Weapons Level 2 (Chrono Boost)  
  84  6:57  Pylon  
  84  7:04  Pylon  
  84  7:06  Pylon  
  84  7:10  Stalker, Nexus  
  84  7:11  Charge  
  84  7:13  Pylon  
  84  7:15  Probe x2  
  88  7:16  Phoenix, Assimilator  
  88  7:17  Stalker x2  
  92  7:27  Probe  
  93  7:31  Probe  
  94  7:37  Shield Battery, Gateway x2  
  94  7:39  Probe  
  94  7:40  Templar Archives  
  94  7:43  Probe  
  96  7:54  Zealot x4  
  96  7:56  Probe  
  105  8:01  Pylon  
  105  8:05  Probe  
  105  8:08  Probe  
  105  8:09  Pylon  
  105  8:12  Zealot x2  
  111  8:18  Probe  
  111  8:19  Assimilator  
  112  8:23  High Templar x3  
  112  8:24  High Templar  
  112  8:25  Assimilator  
  120  8:29  Archon x2  
  120  8:31  Zealot  
  124  8:34  Pylon  
  122  8:44  Zealot, High Templar x2  
  128  8:49  Archon  
  128  8:52  Zealot  
  130  8:58  Zealot x4  
  136  9:05  Zealot  
  126  9:10  Protoss Shields Level 1 (Chrono Boost)  
  126  9:14  Zealot  
  126  9:17  Pylon  
  126  9:18  Zealot x2, High Templar x2  
  126  9:19  Zealot x2  
  126  9:23  Archon  
  138  9:25  Zealot  
  140  9:33  Pylon  
  140  9:36  Nexus  
  140  9:44  Zealot x2  
  143  9:46  Robotics Bay, Probe  
  143  9:47  Robotics Facility  
  143  9:50  Probe x2  
  144  9:58  Probe  
  145  10:03  Probe x2  
  145  10:04  Shield Battery  
  145  10:07  Zealot x4  
  145  10:10  Probe  
  154  10:15  Probe  
  154  10:18  Pylon  
  154  10:19  Photon Cannon  
  155  10:22  High Templar x2  
  155  10:25  Photon Cannon  
  155  10:27  Archon  
  159  10:30  Zealot x2  
  159  10:31  Disruptor (Chrono Boost)  
  159  10:35  Disruptor (Chrono Boost)  
  165  10:44  Photon Cannon  
  165  10:46  Photon Cannon  
  165  10:51  Stalker x3  
  165  10:54  Probe x3  
  165  10:55  Probe  
  175  11:01  Disruptor  
  178  11:07  Disruptor  
  175  11:20  Zealot x6  
  181  11:30  Dark Shrine, Probe, Assimilator  
  181  11:31  Probe x2  
  182  11:35  Assimilator  
  182  11:40  Photon Cannon  
  182  11:43  Photon Cannon  
  185  11:48  Stargate  
  185  11:49  Probe x2  
  128  11:55  Zealot x4  
  128  11:57  Zealot  
  128  11:59  Zealot  
  128  12:01  Zealot  
  122  12:05  Zealot  
Tags
 
Add a new tag
Caveats
  • Supply blocks, unpowered buildings, or Contaminate may cause inaccurate times.
  • Supply counts are checked every 10 seconds.